 Dungeon Crawl Stone Soup version 0.28-a0-863-g8cecda6153 (webtiles) character file.

Game seed: 2713535160248353543

625 Conn the Firebug (level 7, -28/43 HPs)
             Began as an Octopode Fire Elementalist on Nov 20, 2021.
             Annihilated by an ogre (32 damage)
             ... on level 4 of the Dungeon.
             The game lasted 00:09:22 (4615 turns).

Conn the Firebug (Octopode Fire Elementalist)       Turns: 4615, Time: 00:09:22

Health: -28/43     AC:  1    Str:  8    XL:     7   Next: 47%
Magic:  5/13       EV: 14    Int: 19    God:
Gold:   183        SH:  0    Dex: 18    Spells: 3/14 levels left

rFire   . . .      SeeInvis .   c - +0 dagger
rCold   . . .      Faith    .   (no shield)
rNeg    . . .      Spirit   .   (helmet restricted)
rPois   .          Reflect  .   (no amulet)
rElec   .          Harm     .   h - +6 ring of dexterity
rCorr   .          Rampage  .   e - ring of flight
Will    .....                   (no ring)
Stlth   ++++......              (no ring)
HPRegen 0.14/turn               (no ring)
MPRegen 0.13/turn               (no ring)
                                (no ring)
                                (no ring)

@: flying
A: almost no armour, amphibious, 8 rings, camouflage 1, gelatinous body 1,
(nimble swimmer 1), tentacles
a: no special abilities


You were on level 4 of the Dungeon.
You visited 1 branch of the dungeon, and saw 4 of its levels.

You collected 183 gold pieces.

Inventory:

Hand Weapons
 c - a +0 dagger (weapon)
Missiles
 l - 6 javelins (quivered)
Magical Staves
 d - a staff of cold
Jewellery
 e - a ring of flight (right tentacle)
 h - a +6 ring of dexterity (left tentacle)
Scrolls
 b - a scroll of teleportation {unknown}
 f - 4 scrolls of identify {unknown}
 i - a scroll of enchant weapon {unknown}
 j - a scroll of blinking {unknown}
 k - a scroll of amnesia {unknown}
Potions
 a - a potion of might {unknown}
 g - 2 potions of magic {unknown}


   Skills:
 + Level 1.1 Fighting
 + Level 1.0 Short Blades
 + Level 2.7 Dodging
 + Level 4.9 Stealth
 + Level 0.2 Unarmed Combat
 + Level 4.0 Spellcasting
 + Level 3.5 Conjurations
 + Level 5.0 Fire Magic


You had 3 spell levels left.
You knew the following spells:

 Your Spells              Type           Power      Damage    Failure   Level
a - Foxfire               Conj/Fire      80%        2x1d8     2%          1
b - Conjure Flame         Conj/Fire      20%        6-21      7%          3
c - Inner Flame           Hex/Fire       13%        N/A       14%         3
d - Flame Wave            Conj/Fire      20%        3d6       24%         4

Your spell library contained the following spells:

 Spells                   Type           Power      Damage    Failure   Level
 Scorch                   Fire           44%        2d7       2%          2
 Shock                    Conj/Air       40%        1d5       7%          1
 Animate Skeleton         Necr           6%         N/A       14%         1
 Apportation              Tloc           6%         N/A       14%         1
 Summon Small Mammal      Summ           12%        N/A       14%         1
 Blink                    Tloc           6%         N/A       21%         2
 Ignite Poison            Fire/Tmut/Pois 10%        N/A       21%         3
 Mephitic Cloud           Conj/Pois/Air  8%         N/A       26%         3
 Lesser Beckoning         Tloc           3%         N/A       38%         3
 Swiftness                Air            3%         N/A       38%         3
 Airstrike                Air            1%         N/A       80%         4
 Freezing Cloud           Conj/Ice/Air   4%         6-21      93%         5
 Manifold Assault         Tloc           3%         N/A       98%         5


Dungeon Overview and Level Annotations

Branches:
Dungeon (4/15)             Temple (0/1) D:4

Altars:
Wu Jian

Shops:
D:3 *   D:4 *


Innate Abilities, Weirdness & Mutations

You cannot wear most types of armour.
You are amphibious.
You can wear up to eight rings at the same time.
Your skin changes colour to match your surroundings (Stealth+).
Your rubbery body absorbs attacks. (AC +1, EV +1)
((You are camouflaged near water. (Stealth+)))
You have tentacles for arms and can constrict up to eight enemies at once.


Message History

Casting: Foxfire (safe; 2% risk of failure)
Confirm with . or Enter, or press ? or * to list all spells.
You conjure some foxfire!
The foxfire hits the ogre but does no damage.
The ogre is lightly wounded.
The foxfire hits the ogre but does no damage.
The ogre is lightly wounded.
The ogre hits you with a +0 giant club!
The foxfire hits the ogre.
The ogre is moderately wounded.
The foxfire hits the ogre!
The ogre is severely wounded. 3 orcs come into view.
Casting: Foxfire (safe; 2% risk of failure)
Confirm with . or Enter, or press ? or * to list all spells.
You conjure some foxfire!
The ogre hits you with a +0 giant club!
Unknown command.
The foxfire hits the ogre.
The ogre is severely wounded.
The foxfire hits the ogre.
The ogre is severely wounded.
Casting: Foxfire (safe; 2% risk of failure)
Confirm with . or Enter, or press ? or * to list all spells.
You conjure some foxfire!
The ogre hits you with a +0 giant club!!
* * * LOW HITPOINT WARNING * * *
The orc shouts!
Unknown command.
You hear a shout!
The orc shouts!
The foxfire hits the ogre.
The ogre is almost dead.
The foxfire hits the ogre.
The ogre is almost dead.
Unknown command.
Casting: Foxfire (safe; 2% risk of failure)
Confirm with . or Enter, or press ? or * to list all spells.
You conjure some foxfire!
The ogre hits you with a +0 giant club!!
Ouch! That really hurt!
You die...

.....#.## #..# ##..
...≈≈§..# ##.#####....
..≈≈§≈o.# #.##.....#
.§≈§oo≈≈# #.....###
.≈≈§>≈§≈# ##......##
.≈§§≈§≈≈# ##.#.....##
.)≈≈§§o.# ###.#.÷.....##
...§≈§..### ###.v...÷......#
...###....###..O@...........
#####......o..##v...........
##.......####...........#
###.........# #.....#######
# ##...........###......##
## ..[###.......##........##
##. ..##
#........#.........### #..
..# #........#...........#
##.. ..#
##......##...........# #...


You could see an ogre (ally target) and an orc.

Vanquished Creatures
  Sigmund (D:2)
  A sky beast (D:4)
  An ogre (D:4)
  A black bear (D:4)
  A centaur skeleton (D:4)
  A hound (D:4)
  Robin (D:2)
  3 gnolls (D:3)
  3 adders
  10 endoplasms
  4 giant cockroaches
  7 goblins
  8 hobgoblins
  6 jackals
  5 kobolds
  4 quokkas
  6 ball pythons
  2 bats (D:1)
  4 frilled lizards
  6 rats
75 creatures vanquished.

Vanquished Creatures (others)
  250 foxfires
250 creatures vanquished.

Grand Total: 325 creatures vanquished

Notes
Turn   | Place    | Note
-------+----------+-------------------------------------------
     0 | D:1      | Conn the Octopode Fire Elementalist began the quest for the
                  | Orb.
     0 | D:1      | Reached XP level 1. HP: 11/11 MP: 3/3
   412 | D:1      | Reached XP level 2. HP: 17/17 MP: 1/5
  1155 | D:1      | Reached XP level 3. HP: 21/21 MP: 2/6
  1931 | D:2      | Noticed Robin
  1995 | D:2      | Killed Robin
  1996 | D:2      | Reached skill level 4 in Fire Magic
  2248 | D:2      | Reached XP level 4. HP: 24/27 MP: 7/7
  2304 | D:2      | You fall into a shaft and drop 1 floor!
  2304 | D:3      | Found Fimeosch's General Store.
  2611 | D:2      | Found an ornate altar of the Wu Jian Council.
  2951 | D:2      | Found a faded altar of an unknown god.
  3026 | D:2      | Noticed Sigmund
  3051 | D:2      | Killed Sigmund
  3052 | D:2      | Reached XP level 5. HP: 22/32 MP: 0/9
  3052 | D:2      | Reached XP level 6. HP: 26/37 MP: 0/10
  4070 | D:3      | Learned a level 3 spell: Conjure Flame
  4074 | D:3      | Learned a level 3 spell: Inner Flame
  4079 | D:3      | Learned a level 4 spell: Flame Wave
  4116 | D:4      | Found Tuucy's Assorted Antiques.
  4317 | D:4      | Reached skill level 1 in Fighting
  4421 | D:4      | Reached XP level 7. HP: 39/43 MP: 9/12
  4511 | D:4      | Found a staircase to the Ecumenical Temple.
  4556 | D:4      | Reached skill level 1 in Short Blades
  4556 | D:4      | Reached skill level 5 in Fire Magic
  4615 | D:4      | Annihilated by an ogre

Illustrated notes

Levels and vault maps discovered:
D:1:      dpeg_arrival_boxorama, layout_loops_corners,
          hangedman_abyss_or_decor_stabs, chequers_arboretum
D:2:      layout_basic, dreamdust_ecumenical_altar_angels_and_demons,
          basic_altar, uniq_sigmund, uniq_robin
D:3:      layout_loops_cross, serial_shops, shop, amcnicky_mini_pool_small
D:4:      layout_cave_pods, minmay_temple_entry_mist, serial_shops, shop,
          enter_ossuary_3

Skill      XL: |  1  2  3  4  5  6  7 |
---------------+----------------------+-----
Stealth        | 3 4 |  4.9
Fire Magic     | 4 5 |  5.0
Conjurations   | 2 3 |  3.5
Spellcasting   | 3 4 |  4.0
Fighting       | 1 |  1.1
Short Blades   | 1 |  1.0
Dodging        | |  2.7
Unarmed Combat | |  0.2

Action                   |  1- 3 |  4- 6 |  7- 9 || total
-------------------------+-------+-------+-------++-------
Melee: Unarmed           |    17 |       |       ||    17
       Constrict         |    12 |     8 |       ||    20
       Dagger            |    17 |    34 |       ||    51
       Tentacles         |     4 |     4 |       ||     8
 Cast: Foxfire           |    58 |    66 |    19 ||   143
  Use: Potion            |       |     4 |       ||     4
 Stab: Sleeping          |     1 |     3 |       ||     4
Armor: Skin              |     3 |     5 |       ||     8
Dodge: Dodged            |    32 |    23 |     4 ||    59

Table legend: (Time is in decaauts)
 A = Elapsed time spent in this place.
 B = Non-inter-level travel time spent in this place.
 C = Inter-level travel time spent in this place.
 D = Time resting spent in this place.
 E = Time spent auto-exploring this place.
 F = Levels seen in this place.
 G = Mean time per level.
                   A        B        C        D        E       F      G
               +--------+--------+--------+--------+--------+-----+--------+
         Total |   4598 |   4485 |    113 |     27 |   3293 |   4 | 1149.5 |
       Dungeon |   4598 |   4485 |    113 |     27 |   3293 |   4 | 1149.5 |
               +--------+--------+--------+--------+--------+-----+--------+

Top non-repeatable levels by time:
     D:1: 1760 daAuts
     D:2: 1417 daAuts
     D:3: 923 daAuts
     D:4: 497 daAuts
